 Dungeon Crawl Stone Soup version 0.29.0-4-gdea44cf6ec (webtiles) character file.

Game seed: 18416469404954622550

1195 greasedhog the Trooper (level 8, -1/53 HPs)
             Began as a Gargoyle Wanderer on Aug 26, 2022.
             Slain by Sigmund
             ... wielding a +2 scythe of venom
              (9 damage)
             ... on level 6 of the Dungeon.
             The game lasted 00:05:16 (4758 turns).

greasedhog the Trooper (Gargoyle Wanderer)          Turns: 4758, Time: 00:05:17

Health: -1/53      AC: 18    Str: 16    XL:     8   Next: 44%
Magic:  9/9        EV: 10    Int: 14    God:
Gold:   257        SH:  0    Dex: 10    Spells: 8/9 levels left

rFire   . . .      SeeInvis .   s - +4 quarterstaff (chaos)
rCold   . . .      Faith    .   (shield currently unavailable)
rNeg    + . .      Spirit   .   v - +0 chain mail
rPois   ∞          Reflect  .   d - +2 helmet
rElec   +          Harm     .   t - +0 cloak
rCorr   +          Rampage  .   (no gloves)
Will    .....                   (no boots)
Stlth   ..........              (no amulet)
HPRegen 0.17/turn               f - +4 ring of evasion
MPRegen 0.11/turn               m - ring of resist corrosion

@: no status effects
A: sickness immunity, AC +5, negative energy resistance 1, electricity
resistance, torment resistance 1, petrification resistance
a: no special abilities


You were on level 6 of the Dungeon.
You visited 1 branch of the dungeon, and saw 6 of its levels.

You collected 369 gold pieces.
You spent 112 gold pieces at shops.

Inventory:

Hand Weapons
 o - a +1 mace of holy wrath
 s - a +4 quarterstaff of chaos (weapon)
Armour
 d - a +2 helmet (worn)
 t - a +0 cloak (worn)
 v - a +0 chain mail (worn)
 z - a +0 kite shield
Jewellery
 f - a +4 ring of evasion (left hand)
 m - a ring of resist corrosion (right hand)
Wands
 a - a wand of digging (4)
Scrolls
 c - 3 scrolls of blinking
 g - a scroll of teleportation
 h - 2 scrolls of fog
 i - a scroll of immolation
 j - a scroll of summoning
 k - 2 scrolls of enchant armour
 l - 2 scrolls of magic mapping
 y - a scroll of silence
 B - 4 scrolls of identify
Potions
 b - 2 potions of haste {unknown}
 e - a potion of magic {unknown}
 n - 4 potions of curing
 p - a potion of lignification {unknown}
 q - a potion of degeneration {unknown}
 r - 3 potions of brilliance {unknown}
 u - 2 potions of attraction {unknown}
 w - a potion of heal wounds
 x - a potion of might {unknown}
 A - a potion of flight {unknown}
 C - a potion of mutation {unknown}


   Skills:
 * Level 7.6 Fighting
 * Level 6.8(7.6) Maces & Flails
 - Level 5.0(6.6) Staves
 - Level 1.1 Armour
 - Level 1.0 Dodging
 - Level 1.0 Spellcasting
 - Level 1.0 Translocations


You had 8 spell levels left.
You knew the following spells:

 Your Spells              Type           Power      Damage    Failure   Level
a - Apportation           Tloc           6%         N/A       98%         1

Your spell library contained the following spells:

 Spells                   Type           Power      Damage    Failure   Level
 Shock                    Conj/Air       0%         1d3       99%         1
 Static Discharge         Conj/Air       0%         3-3/arc   100%        2
 Swiftness                Air            0%         N/A       100%        3
 Teleport Other           Tloc           3%         N/A       100%        3
 Airstrike                Air            0%         2d(0-16)  100%        4
 Dispel Undead            Necr           0%         3d6       100%        4
 Fulminant Prism          Conj/Hex       0%         3d6       100%        4
 Iskenderun's Mystic Bla  Conj/Tloc      2%         2d3       100%        4
 Sticky Flame             Conj/Fire      0%         2d3       100%        4
 Lee's Rapid Deconstruct  Erth           0%         3d5*      100%        5


Dungeon Overview and Level Annotations

Branches:
Dungeon (6/15)
 Temple: D:4-7

Altars:
Kikubaaqudgha
Zin

Shops:
D:1 [   D:4 !

Annotations:
D:6 Sigmund


Innate Abilities, Weirdness & Mutations

You are immune to sickness and miasma.
Your stone body is resilient. (AC +5)
You are immune to poison.
You resist negative energy. (rN+)
You are resistant to electric shocks. (rElec)
You are resistant to unholy torment.
You are immune to petrification.


Message History

You kill the orc priest!
Sigmund hits you from afar with a +2 scythe of venom.
Things that are here:
a +0 club; an orc corpse You closely miss the orc wizard.
The orc wizard gestures wildly while chanting.
The orc wizard flickers and vanishes!
Deactivating autopickup; reactivate with Ctrl-A.
Sigmund hits you but does no damage.
You hit something but do no damage. Something hits you but does no damage.
You closely miss something. Sigmund barely misses you.
Something hits you but does no damage.
You miss something. Something hits you but does no damage.
Sigmund completely misses you.
You hit something but do no damage. You hit the orc. You burn the orc.
The orc is severely wounded.
Sigmund hits you but does no damage. The orc closely misses you.
The orc barely misses you.
You hit the orc.
You kill the orc!
The orc closely misses you. Sigmund completely misses you.
You hit the wight but do no damage. The orc barely misses you.
The wight hits you but does no damage.
You sock the wight! You burn the wight.
The wight is severely damaged.
Sigmund barely misses you. The orc misses you. The wight barely misses you.
You hit the wight.
The wight seems to grow stronger.
The wight is almost destroyed.
You closely miss the wight.
The wight is almost destroyed.
The orc hits you but does no damage. The wight hits you with a +0 falchion!
Sigmund barely misses you.
You barely miss the wight.
The wight is almost destroyed.
The orc hits you but does no damage. The wight hits you with a +0 falchion!
* * * LOW HITPOINT WARNING * * *
Sigmund says, "I'm your fate."
Sigmund hits you from afar with a +2 scythe of venom!
You die...

#.# #.#
#...~.....~~≈
#.# #.#
##.......~~≈≈
.##.###.#
#......~~≈≈~
.......†#
#...~≈~~≈§≈≈
.##.##..#####.~~
≈≈≈≈§≈
#.##.......~≈≈
≈≈§§§≈
#.###.#####~≈≈
#.# #.# # #.#
#@#
###.###.###z##
#....zoo@.o@.#
..z.z.z.###..#
..#.##.......#
.z #.####..# .
#. #..... #.
##.#### #. #.#


You could see Sigmund, a wight (strong) and an orc.

Vanquished Creatures
  Grinder (D:4)
  An ice beast (D:6)
  A sky beast (D:6)
  A centaur (D:6)
  A phantom (D:4)
  A kobold brigand (D:4)
  A jelly (D:4)
  3 hounds
  2 orc priests
  Crazy Yiuf (D:3)
  2 iguanas
  3 orc wizards (D:5)
  6 gnolls (D:6)
  8 adders
  A white imp (D:6)
  3 ufetubi
  A worm (D:2)
  3 dart slugs
  13 orcs
  6 bats
  9 endoplasms
  7 giant cockroaches
  7 hobgoblins
  2 jackals (D:3)
  4 kobolds
  6 quokkas
  7 ball pythons
  3 frilled lizards
  4 goblins
  6 rats
114 creatures vanquished.

Vanquished Creatures (collateral kills)
  A kobold (D:4)
1 creature vanquished.

Grand Total: 115 creatures vanquished

Notes
Turn   | Place    | Note
-------+----------+-------------------------------------------
     0 | D:1      | greasedhog the Gargoyle Wanderer began the quest for the
                  | Orb.
     0 | D:1      | greasedhog set off with the following items: a +2
                  | quarterstaff, a +0 helmet, a scroll of blinking, a +0 robe;
                  | and the following spell memorised: Apportation; and the
                  | following spells available to memorise: Teleport Other.
     0 | D:1      | Reached XP level 1. HP: 12/12 MP: 2/2
   242 | D:1      | Reached skill level 1 in Maces & Flails
   242 | D:1      | Reached XP level 2. HP: 16/17 MP: 3/3
   406 | D:1      | Found Cyony's Antique Armour Shop.
   455 | D:1      | Reached skill level 2 in Fighting
   793 | D:1      | Reached XP level 3. HP: 22/22 MP: 4/4
   814 | D:1      | Found a faded altar of an unknown god.
  1130 | D:2      | You fall into a shaft and drop 1 floor!
  1441 | D:2      | Reached skill level 3 in Fighting
  1441 | D:2      | Reached XP level 4. HP: 27/28 MP: 5/5
  1899 | D:3      | Found an ancient bone altar of Kikubaaqudgha.
  2134 | D:3      | Found a runed translucent door.
  2135 | D:3      | Noticed Crazy Yiuf
  2141 | D:3      | Killed Crazy Yiuf
  2142 | D:3      | Reached XP level 5. HP: 22/33 MP: 6/6
  2347 | D:4      | Reached skill level 4 in Fighting
  2443 | D:4      | Noticed a kobold brigand
  2448 | D:4      | Killed a kobold brigand
  2449 | D:4      | Reached XP level 6. HP: 39/39 MP: 7/7
  2721 | D:4      | Noticed Grinder
  2736 | D:4      | Killed Grinder
  2737 | D:4      | Reached skill level 5 in Fighting
  2737 | D:4      | Reached XP level 7. HP: 35/44 MP: 8/8
  2855 | D:4      | Reached skill level 5 in Maces & Flails
  3075 | D:4      | Reached skill level 6 in Fighting
  3085 | D:4      | Found Rito's Distillery.
  3096 | D:4      | Bought a potion of heal wounds for 70 gold pieces
  3096 | D:4      | Bought a potion of curing for 42 gold pieces
  3428 | D:5      | Entered Level 5 of the Dungeon
  4377 | D:6      | Reached XP level 8. HP: 43/52 MP: 9/9
  4448 | D:6      | Reached skill level 7 in Fighting
  4615 | D:6      | Found a glowing silver altar of Zin.
  4734 | D:6      | Noticed Sigmund
  4758 | D:6      | Slain by Sigmund

Illustrated notes

Levels and vault maps discovered:
D:1:      minmay_arrival_five_plusses, layout_basic, basic_ecumenical_altar,
          serial_shops, shop_statue, minmay_pentomino_p2
D:2:      layout_rooms, reono_crystal_passage
D:3:      layout_basic, general_overflow_altar, grunt_ministairs_7,
          uniq_crazy_yiuf_cottage
D:4:      minmay_thinvault, layout_rooms, serial_shops, nicolae_shop_waterfront,
          wad_floor_pattern_untrapped, uniq_grinder
D:5:      layout_loops_corners
D:6:      layout_loops_ring, mainiacjoe_overflow_cross_hatched,
          minmay_temple_entry_from_below_a, lemuel_old_faithful, uniq_sigmund

Skill      XL: |  1  2  3  4  5  6  7  8 |
---------------+-------------------------+-----
Maces & Flails | 1 2 3 4 6 |  6.8
Fighting       | 2 3 4 5 6 7 |  7.6
Staves         | |  5.0
Armour         | |  1.1
Dodging        | |  1.0
Spellcasting   | |  1.0
Translocations | |  1.0

Action                   |  1- 3 |  4- 6 |  7- 9 || total
-------------------------+-------+-------+-------++-------
Melee: Quarterstaff      |    99 |    99 |   119 ||   317
  Use: Scroll            |     4 |     1 |     4 ||     9
 Stab: Paralysed         |       |     1 |       ||     1
Armor: Ring mail         |    44 |    36 |       ||    80
       Chain mail        |       |     4 |    78 ||    82
Dodge: Dodged            |    54 |    63 |    62 ||   179
